 Dungeon Crawl Stone Soup version 0.18-a0-1745-gffa9a88 (webtiles) character file.

1061 Duffy the Blocker (level 8, -1/58 HPs)
             Began as a Formicid Fighter on Apr 11, 2016.
             Killed by divine providence
             ... invoked by an orc priest
              (10 damage)
             ... on level 5 of the Dungeon.
             The game lasted 00:04:31 (4657 turns).

Duffy the Blocker (Formicid Fighter)                Turns: 4657, Time: 00:04:32

Health: -1/58      AC: 14    Str: 23    XL:     8   Next: 52%
Magic:  8/8        EV:  6    Int:  8    God:
Gold:   232        SH: 11    Dex: 10    Spells: 0 memorised, 7 levels left

rFire  . . .     SeeInvis +     y - +3 hand axe (elec)
rCold  . . .     Gourm    .     i - +0 plate armour
rNeg   . . .     Faith    .     c - +0 shield
rPois  .         Spirit   .     (helmet unavailable)
rElec  .         Dismiss  .     (no cloak)
rCorr  .         Reflect  .     (no gloves)
SustAt .         Harm     .     n - +0 pair of boots (curse)
MR     .....                    (no amulet)
Stlth  ..........               (no ring)
                                D - ring of stealth

@: lethally poisoned (-1 -> -19), not resistant to hostile enchantments,
extremely unstealthy
A: permanent stasis, dig shafts and tunnels, four strong arms, antennae 3
a: Dig, Shaft Self


You were on level 5 of the Dungeon.
You were near starving.

You visited 2 branches of the dungeon, and saw 6 of its levels.

You collected 232 gold pieces.


Innate Abilities, Weirdness & Mutations

You are under a permanent stasis effect.
You can dig through walls and to a lower floor.
Your four strong arms can wield two-handed weapons with a shield.
You have a pair of large antennae on your head (SInv).


   Skills:
 - Level 3.2 Fighting
 + Level 5.0 Axes
 + Level 6.0 Armour
 * Level 8.9 Shields


You had 7 spell levels left.
You didn't know any spells.

Inventory:

Hand Weapons
 a - a +0 war axe
 j - the +1 hand axe of Sloth {holy, +Rage rC+ Stlth+}

   It has been blessed by the Shining One to cause great damage to the undead
   and demons.
   It protects you from cold.
   It lets you go berserk.
   It makes you more stealthy.
 y - a +3 hand axe of electrocution (weapon)
Missiles
 w - 7 tomahawks (quivered)
Armour
 b - a +0 scale mail
 c - a +0 shield (worn)
 i - a +0 plate armour (worn)
 m - a cursed +0 chain mail
 n - a cursed +0 pair of boots (worn)
Jewellery
 D - a ring of stealth (left hand)
Wands
 u - a wand of digging (8/24)
Scrolls
 e - 2 scrolls of teleportation {unknown}
 g - 9 scrolls of identify {unknown}
 h - 2 scrolls of enchant armour {unknown}
 k - 2 scrolls of magic mapping {unknown}
 o - a scroll of fear {unknown}
 x - 2 scrolls of fog {unknown}
 C - a scroll of immolation {unknown}
Potions
 d - a potion of might
 l - 2 potions of degeneration {unknown}
 p - 2 potions of invisibility {unknown}
 s - a potion of lignification {unknown}
 t - a potion of curing
 v - a potion of brilliance {unknown}
 A - a potion of haste {unknown}
 B - a potion of cancellation {unknown}
Books
 r - a book of Ice
Comestibles
 f - 3 bread rations
 q - 3 meat rations
 z - 3 fruits

Dungeon Overview and Level Annotations

Branches:
Dungeon (5/15)             Temple (1/1) D:4

Altars:
Ashenzari
Dithmenos
Elyvilon
Fedhas
Gozag
Kikubaaqudgha
Makhleb
Nemelex Xobeh
Okawaru
Pakellas
Qazlal
Ru
Sif Muna
Trog
Vehumet
Yredelemnul


Message History

You hit the orc warrior but do no damage.
There is a sudden explosion of sparks!
The orc warrior is heavily wounded.
You closely miss the orc.
You feel sick. The orc hits you with a club.
You block the orc warrior's attack.
You hit the orc warrior.
The orc warrior is heavily wounded.
You closely miss the orc. You barely miss the orc priest.
You feel sick. You block the orc priest's attack.
You block the orc warrior's attack.
You barely miss the orc warrior.
The orc warrior is heavily wounded.
You closely miss the orc priest. You hit the orc wizard.
The orc wizard is moderately wounded.
The orc priest calls down the wrath of Beogh upon you.
Pain shoots through your body!
You hit the orc warrior.
The orc warrior is severely wounded.
You barely miss the orc priest. You barely miss the orc wizard.
The orc wizard is moderately wounded.
You feel sick. You block the orc warrior's attack.
The orc wizard gestures at you while chanting.
The magic dart hits you!
The orc priest hits you but does no damage.
You slash the orc priest!
The orc priest is severely wounded.
You hit the orc warrior but do no damage.
The orc warrior is severely wounded.
You hit the orc wizard.
There is a sudden explosion of sparks!
You kill the orc wizard!
Your Axes skill increases to level 5!
The orc warrior hits you with a mace of venom!
You are lethally poisoned!
The orc priest invokes the aid of Beogh against you.
Beogh smites you!
You die...

#####..#####}...}####.####.####
#..##..## ##...## #+# #.#
#...#...# ..... ... #..)#...#
...[... ...# #..%'...# ....(...
..# #...#...# ........#
##'###.## ###
#..###+########o.##...
#.............@oo.....
#.............#Z......
#.............#o......
#.............#.......
#..####+###.(....##..# ####
######## ##


You could see an orc warrior, an orc priest, 2 orcs and a hound zombie.

Action                   |  1- 3 |  4- 6 |  7- 9 || total
-------------------------+-------+-------+-------++-------
Melee: War axe           |   121 |   185 |       ||   306
       Hand axe          |       |       |    75 ||    75
 Abil: Dig               |     1 |     1 |     1 ||     3
  Eat: Chunk             |     1 |     5 |     2 ||     8
       Pizza             |       |       |     1 ||     1
       Beef jerky        |       |       |     1 ||     1

Notes
Turn   | Place    | Note
--------------------------------------------------------------
     0 | D:1      | Duffy the Formicid Fighter began the quest for the Orb.
     0 | D:1      | Reached XP level 1. HP: 18/18 MP: 1/1
   155 | D:1      | Reached XP level 2. HP: 21/24 MP: 2/2
   220 | D:2      | Reached skill level 4 in Shields
   261 | D:2      | Reached XP level 3. HP: 24/29 MP: 3/3
  1092 | D:1      | Reached XP level 4. HP: 33/35 MP: 4/4
  1332 | D:2      | Reached skill level 5 in Shields
  1480 | D:2      | Found an opulent altar of Gozag.
  1481 | D:2      | Found a radiant altar of Vehumet.
  1603 | D:3      | Noticed Ijyb
  1620 | D:3      | Killed Ijyb
  1620 | D:3      | Reached skill level 3 in Axes
  1632 | D:3      | Reached XP level 5. HP: 41/41 MP: 5/5
  2098 | D:3      | Reached skill level 4 in Armour
  2103 | D:3      | Reached skill level 6 in Shields
  2154 | D:3      | Reached XP level 6. HP: 43/47 MP: 6/6
  2318 | D:3      | Found a sparkling altar of Nemelex Xobeh.
  2877 | D:4      | Noticed a necrophage
  2883 | D:4      | Killed a necrophage
  2892 | D:4      | Found a shadowy altar of Dithmenos.
  3034 | D:4      | Noticed Blork the orc
  3044 | D:4      | Killed Blork the orc
  3044 | D:4      | Reached XP level 7. HP: 46/52 MP: 7/7
  3166 | D:4      | Found a staircase to the Ecumenical Temple.
  3177 | Temple   | Entered the Ecumenical Temple
  3733 | D:4      | Found a blossoming altar of Fedhas.
  3908 | D:4      | Got an ancient hand axe
  3909 | D:4      | Identified the +1 hand axe of Sloth {holy, +Rage rC+ Stlth+} (You found it on level 4 of the Dungeon)
  3941 | D:5      | Entered Level 5 of the Dungeon
  3948 | D:5      | Noticed Sagrath01's ghost (novice DsGl)
  4182 | D:5      | Reached skill level 4 in Axes
  4182 | D:5      | Reached skill level 7 in Shields
  4232 | D:5      | Reached skill level 5 in Armour
  4242 | D:5      | Killed Sagrath01's ghost
  4242 | D:5      | Reached skill level 8 in Shields
  4242 | D:5      | Reached XP level 8. HP: 45/58 MP: 8/8
  4633 | D:5      | Reached skill level 6 in Armour
  4657 | D:5      | Reached skill level 5 in Axes
  4657 | D:5      | Killed from afar by an orc priest

Vault maps used:
D:1:      lemuel_arrival_cross
D:2:      gammafunk_temple_overflow_statue, first_bread
D:3:      lemuel_round_altar, uniq_iyjb
D:4:      kennysheep_mini_moat, minmay_temple_entry_glass,
          nicolae_dithmenos_through_a_glass_darkly, uniq_blork_the_orc
D:5:      grunt_ministairs_1
Temple:   triangle_lava_temple_12

Vanquished Creatures
  The ghost of Sagrath01 the Slasher, a novice DsGl of Makhleb
  An ice beast
  2 necrophages Blork the orc
  A giant frog
  A scorpion
  A howler monkey
  2 giant frog skeletons
  An orc wizard Ijyb
  A hound skeleton
  4 gnolls
  4 adders
  4 oozes
  An adder skeleton
  A worm
  2 dart slugs
  3 giant geckos
  2 orcs
  5 giant cockroaches
  11 goblins
  4 hobgoblins
  2 jackals
  10 kobolds
  2 quokkas
  3 ball pythons
  9 bats
  A giant gecko skeleton
  A giant gecko zombie
  2 giant newts
  4 rats
88 creatures vanquished.
